 Dungeon Crawl Stone Soup version 0.32-a0-792-g3d70bf0 (webtiles) character file.

Game seed: 6021551646658573357

95 gwaga3 the Shooter (level 4, 0/35 HPs)
             Began as a Formicid Hunter on Mar 20, 2024.
             Incinerated by a bombardier beetle (2 damage)
             ... with a burning spray
             ... on level 3 of the Dungeon.
             The game lasted 00:01:52 (1447 turns).

gwaga3 the Shooter (Formicid Hunter)                Turns: 1447, Time: 00:01:52

Health: 0/35       AC:  3    Str: 15    XL:     4   Next: 95%
Magic:  4/4        EV: 11    Int:  9    God:
Gold:   80         SH:  0    Dex: 19    Spells: 3/3 levels left

rFire   . . .        a - +0 shortbow
rCold   . . .        (no shield)
rNeg    . . .        c - +0 leather armour
rPois   .            (helmet unavailable)
rElec   .            (no cloak)
rCorr   .            (no gloves)
SInv    +            (no boots)
Will    +....        (no amulet)
Stlth   +            f - ring of willpower
HPRegen 0.25/turn    (no ring)
MPRegen 0.09/turn

%: no passive effects
@: on fire, glowing
A: permanent stasis, dig shafts and tunnels, antennae 3, four strong arms
a: Dig, Shaft Self


You were on level 3 of the Dungeon.
You visited 1 branch of the dungeon, and saw 3 of its levels.

You collected 80 gold pieces.

Inventory:

Hand Weapons
 a - a +0 shortbow (weapon)
Armour
 c - a +0 leather armour (worn)
Jewellery
 f - a ring of willpower (left hand)
Scrolls
 b - a scroll of butterflies
 h - a scroll of amnesia {unknown}
Potions
 d - a potion of haste {unknown}
 e - 4 potions of curing {unknown}
 g - 2 potions of resistance {unknown}
 i - a potion of enlightenment {unknown}


   Skills:
 + Level 3.1 Fighting
 * Level 5.0 Ranged Weapons
 - Level 1.7 Dodging
 + Level 3.0 Stealth


You had 3 spell levels left.
You didn't know any spells.
Your spell library contained the following spells:

 Spells                   Type           Power      Damage    Failure   Level
 Dazzling Flash           Conj/Hex       0%         N/A       83%         3
 Mephitic Cloud           Conj/Alch/Air  0%         N/A       83%         3
 Curse of Agony           Necr           0%         N/A       100%        5
 Silence                  Hex/Air        0%         N/A       100%        5


Dungeon Overview and Level Annotations

Branches:
Dungeon (3/15)

Altars:


Innate Abilities, Weirdness & Mutations

You cannot be hasted, slowed, berserked, paralysed or teleported.
You can dig through walls and to a lower floor.
You have a pair of large antennae on your head. (SInv)
Your four strong arms can wield two-handed weapons with a shield.


Message History

The bombardier beetle is heavily wounded.
Fire: a) +0 shortbow
Press: ? - help, Shift-Dir - straight line, f/p - bombardier beetle
Aim: a bombardier beetle (heavily wounded, 74% to hit)
You shoot an arrow. The arrow hits the bombardier beetle.
The bombardier beetle is severely wounded.
The bombardier beetle sprays incendiary fluid at you.
The burning spray hits you.
You are covered in liquid fire!
Fire: a) +0 shortbow
Press: ? - help, Shift-Dir - straight line, f/p - bombardier beetle
Aim: a bombardier beetle (severely wounded, 74% to hit)
You shoot an arrow. The arrow hits the bombardier beetle.
The bombardier beetle is severely wounded.
The liquid fire burns you!
You shoot an arrow. The arrow hits the bombardier beetle.
The bombardier beetle is almost dead.
The liquid fire burns you!
You shoot an arrow. The arrow hits the bombardier beetle.
You kill the bombardier beetle!
The liquid fire burns you!
Your Fighting skill increases to level 3!
Your Ranged Weapons skill increases to level 5!
Your Stealth skill increases to level 3!
No target in view!
No target in view!
You are on fire!
You are on fire!
You are on fire!
You are on fire!
The liquid fire burns you! The liquid fire burns you!
The liquid fire burns you!
* * * LOW HITPOINT WARNING * * *
The liquid fire burns you!
* * * LOW HITPOINT WARNING * * *
The liquid fire burns you!
* * * LOW HITPOINT WARNING * * *
The liquid fire burns you!
You die...

......... ##
......... ..
.>.....†# #.
#.......# .
#.......#.#
#.......#.#
......>...#
#......@#
..........#
##..........#
#...........#
#......!......
#..##..###....
.... ...# ..##
### #$## .#


There were no monsters in sight!

Vanquished Creatures
  A bombardier beetle (D:3)
  2 adders (D:2)
  A dart slug (D:2)
  An orc (D:2)
  6 ball pythons (D:1)
  5 endoplasms
  A giant cockroach (D:1)
  2 goblins (D:2)
  3 hobgoblins
  2 quokkas (D:1)
  6 bats
  5 kobolds
  5 rats
40 creatures vanquished.

Notes
Turn   | Place    | Note
-------+----------+-------------------------------------------
     0 | D:1      | gwaga3 the Formicid Hunter began the quest for the Orb.
     0 | D:1      | Reached XP level 1. HP: 16/16 MP: 1/1
    57 | D:1      | Found a faded altar of an unknown god.
    89 | D:1      | Reached XP level 2. HP: 23/23 MP: 2/2
   429 | D:1      | Reached XP level 3. HP: 28/28 MP: 3/3
  1285 | D:2      | Reached XP level 4. HP: 34/34 MP: 4/4
  1442 | D:3      | Reached skill level 5 in Ranged Weapons
  1447 | D:3      | Incinerated by a bombardier beetle

Illustrated notes

Levels and vault maps discovered:
D:1:      eino_arrival_water_cross, layout_basic,
          ebering_ecumenical_altar_sacrificial, st_stairs_7
D:2:      layout_loops_cross, minmay_indecisive_spiral
D:3:      layout_basic, uniq_grinder, uniq_terence

Skill      XL: |  1  2  3  4 |
---------------+-------------+-----
Stealth        | 2 3 |  3.0
Fighting       | 3 |  3.1
Ranged Weapons | 5 |  5.0
Dodging        | |  1.7

Action                     |  1- 3 |  4- 6 || total
---------------------------+-------+-------++-------
   Fire: Shortbow          |   116 |    26 ||   142
 Armour: Leather armour    |    32 |     4 ||    36
  Dodge: Dodged            |    30 |     3 ||    33

Table legend: (Time is in decaauts)
 A = Elapsed time spent in this place.
 B = Non-inter-level travel time spent in this place.
 C = Inter-level travel time spent in this place.
 D = Time resting spent in this place.
 E = Time spent auto-exploring this place.
 F = Levels seen in this place.
 G = Mean time per level.
                   A        B        C        D        E       F      G
               +--------+--------+--------+--------+--------+-----+--------+
         Total |   1476 |   1423 |     53 |      0 |   1172 |   3 |  492.0 |
       Dungeon |   1476 |   1423 |     53 |      0 |   1172 |   3 |  492.0 |
               +--------+--------+--------+--------+--------+-----+--------+

Top non-repeatable levels by time:
     D:1: 832 daAuts
     D:2: 629 daAuts
     D:3: 14 daAuts
